 Seeded DCSS version 0.29-a0-25-g7f48f510a0 (webtiles) character file.

Game seed: 10000000000011 (custom seed)

526 knot the Chopper (level 7, -3/52 HPs)
             Began as a Demonspawn Berserker on Jan 31, 2022.
             Was a Believer of Trog.
             Slain by an unseen horror (5 damage)
             ... on level 5 of the Dungeon.
             The game lasted 00:03:39 (5730 turns).

knot the Chopper (Demonspawn Berserker)             Turns: 5730, Time: 00:03:40

Health: -3/52      AC:  2    Str: 17    XL:     7   Next: 2%
Magic:  0/7        EV: 12    Int: 11    God:    Trog [**....]
Gold:   184        SH:  5    Dex: 12    Spells: 6/6 levels left

rFire   . . .      SeeInvis .   r - +0 war axe
rCold   . . .      Faith    .   (no shield)
rNeg    . . .      Spirit   +   b - +0 animal skin
rPois   .          Reflect  +   (no helmet)
rElec   .          Harm     .   (no cloak)
rCorr   .          Rampage  .   (no gloves)
Will    .....                   (no boots)
Stlth   +.........              d - amulet of reflection
HPRegen 0.17/turn               (no ring)
MPRegen 0.20/turn               (no ring)

@: mighty
A: magic shield, magic regeneration, demonic touch 2
a: Renounce Religion, Berserk, Trog's Hand


You were on level 5 of the Dungeon.
You worshipped Trog.
Trog was pleased with you.
You visited 2 branches of the dungeon, and saw 6 of its levels.

You collected 184 gold pieces.

Inventory:

Hand Weapons
 r - a +0 war axe (weapon)
Missiles
 f - 105 stones (quivered)
 i - 2 poisoned darts
 p - 4 boomerangs
Armour
 b - a +0 animal skin (worn)
Jewellery
 d - an amulet of reflection (around neck)
Wands
 a - a wand of charming (6)
 o - a wand of polymorph (2)
 q - a wand of flame (25)
Scrolls
 c - a scroll of amnesia {unknown}
 k - 2 scrolls of identify {unknown}
 m - 2 scrolls of blinking {unknown}
 n - a scroll of fog {unknown}
Potions
 e - a potion of curing {unknown}
 g - a potion of lignification {unknown}
 j - a potion of magic {unknown}
 l - a potion of heal wounds {unknown}


   Skills:
 - Level 3.0 Fighting
 + Level 7.3 Axes
 - Level 1.7 Armour
 - Level 1.7 Dodging


You had 6 spell levels left.
You didn't know any spells.
Your spell library contained the following spells:

 Spells                   Type           Power      Damage    Failure   Level
 Corpse Rot               Necr/Air       0%         N/A       47%         2
 Ensorcelled Hibernation  Hex/Ice        0%         N/A       47%         2
 Passwall                 Tmut/Erth      0%         N/A       47%         2
 Poisonous Vapours        Pois/Air       0%         N/A       47%         2
 Swiftness                Air            0%         N/A       71%         3


Dungeon Overview and Level Annotations

Branches:
Dungeon (5/15)             Temple (1/1) D:4

Altars:
Makhleb
Qazlal
Sif Muna

Shops:
D:3 [


Innate Abilities, Weirdness & Mutations

When hurt, damage is shared between your health and your magic reserves.
You regenerate magic rapidly.
Your touch may inflict irresistible damage on your foes.


Message History

A white imp comes into view.
A white imp is nearby!
A white imp is nearby!
A white imp is nearby!
You barely miss something.
The white imp shouts, "Escape, thou warped rude-growing slabber!"
Your touch misses something. Something completely misses you.
Something hits you.
You closely miss something. Something hits you! The white imp gestures at you.
The puff of frost misses you. Something hits you.
You closely miss the white imp. Your touch misses the white imp.
Something hits you but does no damage. The white imp closely misses you.
You completely miss the white imp. Something hits you. The white imp hits you.
The white imp freezes you.
You slash the white imp!
You kill the white imp!
Trog accepts your kill. Something hits you!
You are too injured to fight recklessly!
You are too injured to fight recklessly!
You start resting.
You block something's attack.
You start resting.
Something barely misses you.
You start resting.
Something hits you.
An ogre comes into view. It is wielding a +0 giant spiked club.
You start resting.
An ogre is nearby!
Something hits you!
* * * LOW HITPOINT WARNING * * *
Something barely misses you. You block something's attack. Something hits you.
* * * LOW HITPOINT WARNING * * *
Something hits you.
* * * LOW HITPOINT WARNING * * *
It was a potion of might.
You feel very mighty all of a sudden. Something barely misses you.
Something hits you.
You die...

#.##.##.#####.####.## #.# ..≈.
#.##................# #.# .....
#.#####.####.#......# #.# #.≈≈≈.
#.....).##.....###..###>###÷#≈≈..
##########.###.##............#
#.# #......###......#
#.###...............#.
#.....####..##.......#
###...{@(...##......##
#...#####.##.##.### #...#
#.##.##.# #...# #.##.##.# #...#
#.##.# .# ....................
............... ##.
.#O............. ...####...#####.


There were no monsters in sight!

Vanquished Creatures
  An ogre (D:3)
  A wolf (D:4)
  A scorpion (D:4)
  A centaur zombie (D:5)
  An orc priest (D:4)
  A hound (D:5)
  A centaur skeleton (D:4)
  Ijyb (D:4)
  A scorpion zombie (D:5)
  6 adders
  A white imp (D:5)
  2 orcs (D:4)
  6 endoplasms
  2 giant cockroaches
  5 goblins
  5 hobgoblins
  14 jackals
  2 quokkas (D:4)
  4 ball pythons
  7 bats
  5 frilled lizards
  3 kobolds
  5 rats
76 creatures vanquished.

Notes
Turn   | Place    | Note
-------+----------+-------------------------------------------
     0 | D:1      | knot the Demonspawn Berserker began the quest for the Orb.
     0 | D:1      | Reached XP level 1. HP: 18/18 MP: 1/1
   152 | D:1      | Reached skill level 3 in Axes
   274 | D:1      | Gained mutation: You regenerate magic rapidly. [demonic
                  | ancestry]
   274 | D:1      | Reached XP level 2. HP: 10/24 MP: 2/2
  1379 | D:2      | Gained mutation: Your touch may inflict minor irresistible
                  | damage on your foes. [demonic ancestry]
  1379 | D:2      | Reached XP level 3. HP: 29/29 MP: 3/3
  1460 | D:2      | Reached ** piety under Trog
  1468 | D:2      | Reached skill level 4 in Axes
  2214 | D:2      | Reached XP level 4. HP: 25/35 MP: 4/4
  2789 | D:3      | Noticed an ogre
  2798 | D:3      | Killed an ogre
  2799 | D:3      | Reached skill level 5 in Axes
  2799 | D:3      | Reached XP level 5. HP: 41/41 MP: 5/5
  3037 | D:3      | Found Daocsar's Antique Armour Emporium.
  3388 | D:4      | Reached skill level 6 in Axes
  3555 | D:4      | Found a staircase to the Ecumenical Temple.
  3569 | D:4      | Noticed Dowan
  3584 | Temple   | Entered the Ecumenical Temple
  4282 | D:4      | Noticed Dowan
  4282 | D:4      | Dowan changed into Dowan the quokka
  4358 | D:4      | Gained mutation: Your touch may inflict irresistible damage
                  | on your foes. [demonic ancestry]
  4358 | D:4      | Reached XP level 6. HP: 30/47 MP: 6/6
  4539 | D:4      | Noticed Duvessa
  4542 | D:4      | Noticed Duvessa
  4542 | D:4      | Duvessa changed into Duvessa the wolf
  4548 | D:4      | Killed Duvessa the wolf
  4554 | D:4      | Killed Dowan the quokka
  5178 | D:4      | Noticed Ijyb
  5186 | D:4      | Killed Ijyb
  5374 | D:5      | Entered Level 5 of the Dungeon
  5427 | D:5      | Reached skill level 7 in Axes
  5510 | D:5      | Gained mutation: When hurt, damage is shared between your
                  | health and your magic reserves. [demonic ancestry]
  5510 | D:5      | Reached XP level 7. HP: 52/52 MP: 7/7
  5729 | D:5      | HP: 2/52 [something (5)]
  5730 | D:5      | Slain by an unseen horror

Illustrated notes

Levels and vault maps discovered:
D:1:      lordsloth_arrival_two_stooges, layout_basic, grunt_decor_fettered,
          minmay_misc_feat_diagonals, nicolae_concentric_dashed_squares_wild
D:2:      layout_rooms, hangedman_decor_clover_reticule
D:3:      layout_basic, serial_shops, shop, kennysheep_path_1
D:4:      layout_rooms, temple_doors_e, uniq_duvessa, uniq_ijyb
D:5:      layout_loops_cross, nicolae_uskayaw_suspiria, item_on_display_a
Temple:   dshaligram_water_room_temple

Skill      XL: |  1  2  3  4  5  6 |
---------------+-------------------+-----
Axes           | 3 4 5 6 7 |  7.3
Fighting       | |  3.0
Armour         | |  1.7
Dodging        | |  1.7

Action                   |  1- 3 |  4- 6 |  7- 9 || total
-------------------------+-------+-------+-------++-------
Melee: Hand axe          |   118 |    75 |       ||   193
       Touch             |     6 |    20 |       ||    26
       Punch             |       |     2 |       ||     2
       War axe           |       |    27 |     5 ||    32
Invok: Berserk           |     3 |     7 |       ||    10
       Trog's Hand       |       |     1 |       ||     1
Evoke: Wand              |       |     6 |       ||     6
  Use: Potion            |       |       |     1 ||     1
 Stab: Sleeping          |     1 |       |       ||     1
Armor: Animal skin       |    27 |    17 |     1 ||    45
Dodge: Dodged            |    82 |    71 |     6 ||   159
Block: Other             |    31 |    25 |     3 ||    59

Table legend: (Time is in decaauts)
 A = Elapsed time spent in this place.
 B = Non-inter-level travel time spent in this place.
 C = Inter-level travel time spent in this place.
 D = Time resting spent in this place.
 E = Time spent auto-exploring this place.
 F = Levels seen in this place.
 G = Mean time per level.
                   A        B        C        D        E       F      G
               +--------+--------+--------+--------+--------+-----+--------+
         Total |   5852 |   5701 |    151 |   2884 |   2240 |   6 |  975.3 |
       Dungeon |   5154 |   5003 |    151 |   2199 |   2240 |   5 | 1030.8 |
        Temple |    697 |    697 |      0 |    684 |      0 |   1 |  697.0 |
               +--------+--------+--------+--------+--------+-----+--------+

Top non-repeatable levels by time:
     D:1: 1410 daAuts
     D:4: 1362 daAuts
     D:2: 1304 daAuts
     D:3: 712 daAuts
  Temple: 697 daAuts
     D:5: 365 daAuts
